 Dungeon Crawl Stone Soup version 0.30.0-5-g1a98f26d00 (webtiles) character file.

Game seed: 4268870695572715587

3019 Ijustatesigmund the Cleaver (level 9, -1/75 (82) HPs)
             Began as a Hill Orc Fighter on May 11, 2023.
             Was an Elder of Okawaru.
             Slain by a gnoll
             ... wielding a +1 flail of draining
             ... led by a gnoll sergeant
              (2 damage)
             ... on level 8 of the Dungeon.
             The game lasted 00:12:48 (6893 turns).

Ijustatesigmund the Cleaver (Hill Orc Fighter)      Turns: 6893, Time: 00:12:49

HP:   -1/75 (82)    AC: 18    Str: 19    XL:     9   Next: 85%
MP:   13/13         EV:  5    Int: 12    God:    Okawaru [****..]
Gold: 355           SH:  9    Dex: 10    Spells: 8/8 levels left

rFire   . . .        a - +2 war axe (freeze)
rCold   . . .        c - +0 kite shield
rNeg    . . .        b - +0 plate armour
rPois   .            q - +1 helmet
rElec   .            (no cloak)
rCorr   .            o - +2 pair of gloves
SInv    .            (no boots)
Will    .....        u - amulet of regeneration Stlth
                     (no ring)
HPRegen 1.12/turn    (no ring)
MPRegen 0.13/turn

%: no passive effects
@: lethally poisoned (-1 -> -3), drained
A: no striking features
a: Renounce Religion, Heroism, Finesse


You were on level 8 of the Dungeon.
You worshipped Okawaru.
Okawaru was greatly pleased with you.
You visited 2 branches of the dungeon, and saw 9 of its levels.

You collected 355 gold pieces.

Inventory:

Hand Weapons
 a - a +2 war axe of freezing (weapon)
Armour
 b - a +0 plate armour (worn)
 c - a +0 kite shield (worn)
 o - a +2 pair of gloves (worn)
 q - a +1 helmet (worn)
Jewellery
 m - the amulet of the Air {Inacc Air Fly rElec RMsl}
   (You found it on level 4 of the Dungeon)

   [amulet of nothing]

   Inacc:     It reduces the accuracy of your attacks and spells.
   Air:       It enhances your air magic.
   rElec:     It insulates you from electricity.
   Fly:       It grants you flight.
   RMsl:      It protects you from missiles.
 u - an amulet of regeneration (around neck)
Wands
 h - a wand of acid (13)
 s - a wand of flame (41)
Scrolls
 f - a scroll of butterflies
 g - 4 scrolls of teleportation
 i - 2 scrolls of fog
 p - 2 scrolls of fear
 r - a scroll of enchant armour
 t - a scroll of amnesia
 x - a scroll of magic mapping
Potions
 d - a potion of ambrosia
 e - 2 potions of resistance
 j - 2 potions of mutation
 k - 5 potions of curing
 n - 2 potions of invisibility
 v - 3 potions of heal wounds
 w - 2 potions of magic
 z - a potion of haste


   Skills:
 + Level 8.6 Fighting
 + Level 8.9 Axes
 - Level 7.1 Armour
 + Level 0.1 Dodging
 - Level 7.1 Shields
 + Level 6.6 Invocations
 + Level 0.1 Evocations


You had 8 spell levels left.
You didn't know any spells.
Your spell library contained the following spells:

 Spells                   Type           Power      Damage    Failure   Level
 Blink                    Tloc           0%         N/A       100%        2
 Lesser Beckoning         Tloc           0%         N/A       100%        2
 Momentum Strike          Conj/Tloc      0%         3d8       100%        2
 Sublimation of Blood     Necr           0%         N/A       100%        2
 Petrify                  Tmut/Erth      0%         N/A       100%        4
 Borgnjor's Vile Clutch   Necr/Erth      0%         N/A       100%        5
 Irradiate                Conj/Tmut      0%         3d11      100%        5
 Animate Dead             Necr           Unusable   N/A       N/A         4
 Death Channel            Necr           Unusable   N/A       N/A         6

Dungeon Overview and Level Annotations

Branches:
Dungeon (8/15)             Temple (1/1) D:4
   Lair: D:8-11

Altars:
Ashenzari
Dithmenos
Elyvilon
Fedhas
Gozag
Hepliaklqana
Makhleb
Nemelex Xobeh
Okawaru
Qazlal
Ru
Sif Muna
Trog
Uskayaw
Vehumet
Xom
Yredelemnul
Zin
The Shining One


Message History

You are too injured to fight recklessly!
You are too injured to fight recklessly!
You are too injured to fight recklessly!
You are too injured to fight recklessly!
You are too injured to fight recklessly!
You are too injured to fight recklessly!
You are too injured to fight recklessly!
You are too injured to fight recklessly!
You are too injured to fight recklessly!
You are too injured to fight recklessly!
You are too injured to fight recklessly!
You closely miss the gnoll.
The gnoll is almost dead.
You feel very sick. The gnoll completely misses you.
You block the gnoll sergeant's attack.
You closely miss the gnoll.
The gnoll is almost dead.
You feel very sick. The gnoll hits you but does no damage.
You feel drained.
The gnoll sergeant hits you but does no damage.
You barely miss the gnoll.
The gnoll is almost dead.
You feel very sick.
The gnoll hits you with a +1 flail of draining.
You feel drained. The gnoll sergeant barely misses you.
You barely miss the gnoll.
The gnoll is almost dead.
You feel sick. You block the gnoll's attack.
The gnoll sergeant hits you from afar with a +2 spear of freezing.
* * * LOW HITPOINT WARNING * * *
The gnoll sergeant freezes you.
* * * LOW HITPOINT WARNING * * *
The gnoll sergeant hits you from afar with a +2 spear of freezing!
* * * LOW HITPOINT WARNING * * *
The gnoll sergeant freezes you.
* * * LOW HITPOINT WARNING * * *
The gnoll hits you with a +1 flail of draining!
* * * LOW HITPOINT WARNING * * *
You feel drained.
You die...

#.##... ##........#
#.######...........#
#.# ###........###
#.# #..........# ...
#.....>...## ...
#.........# ...
####.........#
.........######
......g@).......
.$.....).#######
.....g...#
.......$.#
.........#
.........#
.........#
.........#


You could see a gnoll sergeant and a gnoll.

Vanquished Creatures
  Sigmund (D:6)
  A steam dragon (D:6)
  Edmund (D:6)
  3 water moccasins (D:5)
  3 black bears
  An orc warrior (D:8)
  3 ice beasts
  3 ogres
  A phantom (D:5)
  A centaur (D:8)
  3 bullfrogs
  2 scorpions (D:6)
  A howler monkey (D:4)
  5 hounds
  4 jellies
  An orc priest (D:3)
  6 sleepcaps
  Terence (D:2)
  2 iguanas
  4 orc wizards
  5 gnolls
  6 adders
  3 shadow imps
  An ufetubus (D:5)
  A worm (D:2)
  6 dart slugs
  28 orcs
  10 ball pythons
  10 endoplasms
  2 giant cockroaches
  8 goblins
  7 hobgoblins
  7 jackals
  4 quokkas
  3 bats
  7 frilled lizards
  3 kobolds
  5 rats
163 creatures vanquished.

Notes
Turn   | Place    | Note
-------+----------+-------------------------------------------
     0 | D:1      | Ijustatesigmund the Hill Orc Fighter began the quest for
                  | the Orb.
     0 | D:1      | Reached XP level 1. HP: 19/19 MP: 1/1
    56 | D:1      | Reached XP level 2. HP: 17/27 MP: 2/2
   645 | D:1      | Reached XP level 3. HP: 34/34 MP: 3/3
  1147 | D:2      | Reached XP level 4. HP: 36/41 MP: 4/4
  1195 | D:2      | Reached skill level 5 in Fighting
  1303 | D:2      | Noticed Terence
  1312 | D:2      | Killed Terence
  1540 | D:2      | Reached XP level 5. HP: 48/48 MP: 5/5
  1672 | D:2      | Found a faded altar of an unknown god.
  2124 | D:3      | Reached skill level 5 in Axes
  2706 | D:3      | Reached XP level 6. HP: 32/56 MP: 6/6
  3013 | D:4      | Found the amulet of the Air {Inacc Air Fly rElec RMsl}
  3231 | D:4      | Found a staircase to the Ecumenical Temple.
  3241 | Temple   | Entered the Ecumenical Temple
  3241 | Temple   | Found a transporter.
  3241 | Temple   | Found a transporter.
  3243 | Temple   | Found a transporter.
  3243 | Temple   | Found a transporter.
  3270 | Temple   | Became a worshipper of Warmaster Okawaru
  3503 | D:4      | You fall into a shaft and drop 2 floors!
  3509 | D:6      | Identified the +3 leather armour of Cugraip {Harm rPois
                  | Str-2 SInv}
  3522 | D:6      | Noticed an ice beast
  3533 | D:6      | Killed an ice beast
  3534 | D:6      | Reached skill level 1 in Invocations
  3534 | D:6      | Reached XP level 7. HP: 20/63 MP: 7/7
  3932 | D:6      | Reached * piety under Okawaru
  3933 | D:6      | Reached skill level 5 in Armour
  3933 | D:6      | Reached skill level 5 in Shields
  3977 | D:6      | Noticed Sigmund
  3987 | D:6      | Killed Sigmund
  3988 | D:6      | Reached XP level 8. HP: 59/71 MP: 10/10
  4321 | D:5      | Entered Level 5 of the Dungeon
  4366 | D:5      | Reached ** piety under Okawaru
  4980 | D:5      | Found a sacrificial altar of Ru.
  5005 | D:5      | Reached XP level 9. HP: 79/79 MP: 12/12
  5012 | D:5      | Reached skill level 5 in Invocations
  5212 | D:5      | Found a burning altar of Makhleb.
  5233 | D:5      | Found a bloodstained altar of Trog.
  5476 | D:6      | Reached *** piety under Okawaru
  5634 | D:6      | Found a white marble altar of Elyvilon.
  5726 | D:6      | Noticed Edmund
  5743 | D:6      | Killed Edmund
  6542 | D:7      | Reached **** piety under Okawaru
  6893 | D:8      | HP: 1/77 [gnoll/+1 flail of draining[a gnoll sergeant] (7)]
  6893 | D:8      | Slain by a gnoll

Illustrated notes

Levels and vault maps discovered:
D:1:      dpeg_arrival_rhombi, layout_rooms, minmay_heptomino_l4
D:2:      layout_loops_ring, basic_ecumenical_altar, uniq_terence
D:3:      layout_loops_corners
D:4:      layout_cave_pools, minmay_temple_entry_junction
D:5:      layout_rooms, minitemple, nicolae_ru_the_path_less_chosen, st_stairs_9
D:6:      layout_basic, marbit_many_paths, uniq_sigmund, uniq_edmund
D:7:      layout_loops_ring, chequers_serial_rivers_large_b
D:8:      layout_basic, grunt_ministairs_12, hangedman_abyss_or_decor_slice,
          minmay_shop_chei, uniq_psyche
Temple:   hellmonk_temple_divided_pantheon

Skill      XL: |  1  2  3  4  5  6  7  8  9 |
---------------+----------------------------+-----
Axes           | 3 4 5 6 7 8 |  8.9
Fighting       | 4 5 6 7 8 |  8.6
Armour         | 4 5 6 7 |  7.1
Shields        | 4 5 6 7 |  7.1
Invocations    | 1 3 4 6 |  6.6
Dodging        | |  0.1
Evocations     | |  0.1

Action                     |  1- 3 |  4- 6 |  7- 9 || total
---------------------------+-------+-------+-------++-------
  Melee: War axe           |    85 |   157 |   266 ||   508
    Use: Scroll            |     1 |    16 |     6 ||    23
         Potion            |       |       |     2 ||     2
 Armour: Scale mail        |     7 |       |       ||     7
         Ring mail         |    12 |       |       ||    12
         Plate armour      |     8 |    90 |   229 ||   327
  Dodge: Dodged            |    42 |    27 |    46 ||   115
  Block: Buckler           |    11 |       |       ||    11
         Kite shield       |       |    51 |   138 ||   189
